 Dungeon Crawl Stone Soup version 0.30-a0-364-gf6b3ef1049 (webtiles) character file.

Game seed: 9803231135450914026

3570 Lobster4 the Firebug (level 10, -9/84 HPs)
             Began as a Hill Orc Fire Elementalist on Nov 15, 2022.
             Was a Believer of Sif Muna.
             Mangled by an orc warrior
             ... wielding a +0 glaive
              (18 damage)
             ... on level 8 of the Dungeon.
             The game lasted 00:22:20 (11275 turns).

Lobster4 the Firebug (Hill Orc Fire Elementalist)  Turns: 11275, Time: 00:22:20

Health: -9/84      AC:  8    Str: 14    XL:     10   Next: 9%
Magic:  8/16       EV: 11    Int: 17    God:    Sif Muna [**....]
Gold:   261        SH:  0    Dex: 11    Spells: 14/17 levels left

rFire   . . .      SeeInvis .    a - +2 war axe (drain)
rCold   + . .      Faith    .    (no shield)
rNeg    . . .      Spirit   .    p - +0 leather armour
rPois   .          Reflect  .    D - +2 helmet
rElec   .          Harm     .    M - +0 cloak
rCorr   .          Rampage  .    (no gloves)
Will    .....                    (no boots)
Stlth   +.........               (no amulet)
HPRegen 0.34/turn                g - ring of protection from cold
MPRegen 0.15/turn                (no ring)

@: no status effects
A: no striking features
a: Renounce Religion, Convert to Beogh, Channel Magic


You were on level 8 of the Dungeon.
You worshipped Sif Muna.
Sif Muna was pleased with you.
You visited 2 branches of the dungeon, and saw 9 of its levels.

You collected 303 gold pieces.
You spent 42 gold pieces at shops.

Inventory:

Hand Weapons
 a - a +2 war axe of draining (weapon)
 d - a +0 dagger
 e - a +0 great sword
 f - a +2 dire flail of holy wrath
 k - a +0 hand axe
 y - a +1 antimagic war axe
 H - a +2 mace of holy wrath
 I - a +3 long sword
 K - a +0 shortbow
 L - a +2 short sword of draining
Missiles
 w - 8 poisoned darts
 E - a curare-tipped dart
 J - 4 javelins
Armour
 p - a +0 leather armour (worn)
 D - a +2 helmet (worn)
 M - a +0 cloak (worn)
Jewellery
 g - a ring of protection from cold (left hand)
Wands
 h - a wand of mindburst (16)
 r - a wand of roots (24)
Scrolls
 n - a scroll of magic mapping {unknown}
 q - 2 scrolls of silence {unknown}
 t - 2 scrolls of teleportation
 A - a scroll of poison {unknown}
 B - a scroll of noise {unknown}
 C - a scroll of immolation {unknown}
Potions
 b - 2 potions of magic
 c - 2 potions of heal wounds {unknown}
 i - a potion of resistance
 j - a potion of invisibility {unknown}
 l - a potion of curing
 m - a potion of ambrosia
 o - a potion of berserk rage
 s - 3 potions of haste
 u - 2 potions of brilliance {unknown}
 v - 2 potions of flight
 x - 2 potions of might
 z - 2 potions of lignification
 F - a potion of attraction {unknown}
 G - a potion of mutation {unknown}


   Skills:
 + Level 6.3 Fighting
 - Level 1.0 Short Blades
 + Level 2.5 Axes
 - Level 1.0 Throwing
 + Level 5.9 Armour
 - Level 2.0 Dodging
 - Level 1.5 Stealth
 + Level 4.4 Spellcasting
 + Level 5.4 Conjurations
 + Level 6.9 Fire Magic
 + Level 6.5 Invocations
 - Level 3.0 Evocations


You had 14 spell levels left.
You knew the following spells:

 Your Spells              Type           Power      Damage    Failure   Level
a - Foxfire               Conj/Fire      96%        2x1d8     1%          1
b - Scorch                Fire           54%        2d8       1%          2

Your spell library contained the following spells:

 Spells                   Type           Power      Damage    Failure   Level
 Inner Flame              Hex/Fire       15%        N/A       13%         3
 Flame Wave               Conj/Fire      24%        2d8       14%         4
 Ignite Poison            Fire/Tmut/Pois 11%        N/A       22%         3
 Kindle Blastsparks       Fire/Tloc/Air  22%        2d11      22%         3
 Mephitic Cloud           Conj/Pois/Air  9%         N/A       26%         3
 Cigotuvi's Dreadful Rot  Necr/Pois/Air  6%         N/A       28%         2
 Poisonous Vapours        Pois/Air       6%         N/A       28%         2
 Anguish                  Hex/Necr       1%         N/A       88%         4
 Freezing Cloud           Conj/Ice/Air   4%         6-21      94%         5
 Enfeeble                 Hex            1%         N/A       100%        7


Dungeon Overview and Level Annotations

Branches:
Dungeon (8/15)             Temple (1/1) D:4
   Lair: D:8-11

Altars:
Ashenzari
Elyvilon
Gozag
Hepliaklqana
Kikubaaqudgha
Makhleb
Nemelex Xobeh
Okawaru
Sif Muna
Trog
Uskayaw
Vehumet
Wu Jian
Xom
Yredelemnul
Zin
The Shining One

Shops:
D:2 :   D:3 !

Annotations:
D:8 3 transporters


Message History

The gnoll is no longer moving quickly.
The gnoll bouda hits you but does no damage.
You hit the gnoll bouda.
You kill the gnoll bouda!
Sif Muna accepts your kill. The orc warrior barely misses you.
The orc warrior hits you from afar with a +0 glaive.
You barely miss the gnoll. The gnoll hits you but does no damage.
The orc warrior barely misses you. The gnoll hits you with a +0 club.
You barely miss the gnoll. The orc warrior barely misses you.
The gnoll closely misses you. The orc warrior closely misses you.
You hit the gnoll.
The gnoll is heavily wounded.
The gnoll hits you but does no damage.
The orc warrior hits you from afar with a +0 glaive!
The gnoll barely misses you.
You barely miss the gnoll.
The gnoll is heavily wounded.
The orc warrior completely misses you. The gnoll barely misses you.
The orc priest threatens, "By the altar or by the axe, you will meet Beogh!"
You slash the gnoll!
You kill the gnoll!
Sif Muna accepts your kill.
The orc warrior hits you from afar with a +0 glaive!
* * * LOW HITPOINT WARNING * * *
The orc priest closely misses you.
The orc warrior hits you from afar with a +0 glaive.
* * * LOW HITPOINT WARNING * * *
You barely miss the orc priest.
The orc priest shouts, "Beogh is our master!
Accept the truth or die!"
The orc warrior hits you from afar with a +0 glaive!
* * * LOW HITPOINT WARNING * * *
The orc priest shouts, "Surrender to Beogh and we'll let you live!"
The orc priest hits you but does no damage.
The orc priest threatens, "By the altar or by the axe, you will meet Beogh!"
You barely miss the orc priest.
The orc priest threatens, "By the altar or by the axe, you will meet Beogh!"
The gnoll is no longer moving quickly.
The orc warrior hits you from afar with a +0 glaive!!
You die...

### ..##########
#..........##########
#..#####........@og.########
#..######..#######o........#
.......#...## #.......####.#
#..###......# #.##.g#.# #.)#
###...## # #..#)# ...# ##..#
#..... ##.######..# #.##..#
#(........# #.# o.#
########'## .. ..g


You could see an orc warrior, an orc priest and a gnoll.

Vanquished Creatures
  Edmund (D:5)
  2 water moccasins
  3 ice beasts
  3 sky beasts (D:7)
  A black bear (D:6)
  An ogre (D:6)
  A centaur (D:8)
  3 phantoms
  A kobold brigand (D:5)
  2 bullfrogs
  4 scorpions
  7 wights
  9 killer bees (D:8)
  5 jellies
  6 hounds
  3 gnoll boudas
  5 orc priests
  An iguana (D:4)
  3 orc wizards
  A hound zombie (D:2)
  10 gnolls
  9 adders
  A shadow imp (D:5)
  A white imp (D:6)
  4 ufetubi
  2 adder zombies (D:2)
  An adder skeleton (D:2)
  2 worms (D:4)
  4 dart slugs
  19 orcs
  2 bat skeletons (D:2)
  6 endoplasms
  A giant cockroach (D:2)
  5 goblins
  8 hobgoblins
  2 jackals (D:4)
  9 kobolds
  2 quokkas
  4 ball pythons
  A ball python skeleton (D:2)
  3 bats
  A frilled lizard (D:2)
  A quokka zombie (D:2)
  4 rats
164 creatures vanquished.

Vanquished Creatures (others)
  305 foxfires
  2 withered plants (D:2)
307 creatures vanquished.

Grand Total: 471 creatures vanquished

Notes
Turn   | Place    | Note
-------+----------+-------------------------------------------
     0 | D:1      | Lobster4 the Hill Orc Fire Elementalist began the quest for
                  | the Orb.
     0 | D:1      | Reached XP level 1. HP: 14/14 MP: 3/3
   316 | D:1      | Reached XP level 2. HP: 22/22 MP: 0/4
   917 | D:1      | Learned a level 2 spell: Scorch
  1027 | D:2      | Reached skill level 1 in Fighting
  1027 | D:2      | Reached XP level 3. HP: 28/28 MP: 0/5
  1087 | D:2      | Found Loewkot's Book Shoppe.
  1768 | D:2      | Reached skill level 1 in Axes
  1812 | D:2      | Reached skill level 1 in Armour
  1812 | D:2      | Reached XP level 4. HP: 30/35 MP: 1/6
  2155 | D:2      | Reached skill level 1 in Short Blades
  2438 | D:3      | Found an iron altar of Okawaru.
  2906 | D:3      | Found a faded altar of an unknown god.
  2906 | D:3      | Found a hide-covered altar of Uskayaw.
  2915 | D:3      | Found a faded altar of an unknown god.
  2917 | D:3      | Found a basalt altar of Yredelemnul.
  2919 | D:3      | Found a hazy altar of Hepliaklqana.
  3062 | D:3      | Found Wahitema's Distillery.
  3065 | D:3      | Bought a potion of curing for 42 gold pieces
  3672 | D:4      | Reached XP level 5. HP: 41/41 MP: 2/8
  4177 | D:4      | Found a staircase to the Ecumenical Temple.
  4196 | Temple   | Entered the Ecumenical Temple
  4251 | Temple   | Became a worshipper of Sif Muna the Loreminder
  4366 | D:4      | Reached skill level 1 in Throwing
  4366 | D:4      | Reached XP level 6. HP: 46/48 MP: 4/9
  4505 | D:4      | Reached skill level 1 in Evocations
  4924 | D:4      | Reached skill level 1 in Invocations
  5318 | D:4      | Reached XP level 7. HP: 54/56 MP: 10/10
  5573 | D:5      | Entered Level 5 of the Dungeon
  5684 | D:5      | Found an opulent altar of Gozag.
  6182 | D:5      | Noticed Edmund
  6323 | D:5      | Killed Edmund
  6324 | D:5      | Reached XP level 8. HP: 63/63 MP: 7/12
  6460 | D:5      | Reached skill level 5 in Fire Magic
  7084 | D:6      | Reached * piety under Sif Muna
  7961 | D:6      | Reached XP level 9. HP: 62/73 MP: 1/14
  7967 | D:6      | Reached skill level 5 in Fighting
  8182 | D:6      | Identified the +6 chain mail of the Mind {rPois Will+ Str-2
                  | SInv}
  8431 | D:7      | Reached skill level 5 in Invocations
  9041 | D:7      | Reached skill level 5 in Armour
  9176 | D:7      | Reached ** piety under Sif Muna
  9639 | D:7      | Reached skill level 5 in Conjurations
 10224 | D:8      | Found a transporter.
 10226 | D:8      | Found a transporter.
 10229 | D:8      | Found a transporter.
 10452 | D:8      | Reached XP level 10. HP: 31/83 MP: 1/16
 10640 | D:8      | Found a transporter.
 11118 | D:8      | Found a bloodstained altar of Trog.
 11275 | D:8      | Mangled by an orc warrior

Illustrated notes

Levels and vault maps discovered:
D:1:      dpeg_arrival_rooms_c, layout_basic
D:2:      layout_loops_ring, serial_shops, shop, serial_undead, serial_undead_f,
          serial_undead_a, serial_undead_f, serial_undead_d, serial_undead_d,
          serial_undead_b
D:3:      layout_basic, okawaru_gym_becter, chequers_temple_overflow_minitemple,
          serial_shops, shop, roderic_roman_lattice
D:4:      minmay_chambers_of_fours, layout_loops_ring,
          minmay_temple_entry_drinking_statues, minmay_crystal_water,
          corexii_mini_fake_secret_closet
D:5:      layout_loops_ring, lemuel_crystal_altar,
          kennysheep_opposing_triangles, uniq_edmund
D:6:      layout_basic
D:7:      layout_loops_corners, hangedman_decor_opposing
D:8:      layout_loops_corners, trog_three_pillars_becter, serial_shops, shop,
          serial_glass, glass_columns_a, glass_columns_a,
          hangedman_abyss_or_decor_stabs, nicolae_diode_quadrants
Temple:   minmay_freezing_vapour_temple

Skill      XL: |  1  2  3  4  5  6  7  8  9 |
---------------+----------------------------+-----
Fighting       | 1 2 3 4 6 |  6.3
Axes           | 1 2 |  2.5
Armour         | 1 2 3 4 5 |  5.9
Dodging        | 2 |  2.0
Spellcasting   | 2 3 4 |  4.4
Short Blades   | 1 |  1.0
Fire Magic     | 4 5 6 |  6.9
Conjurations   | 2 3 4 5 |  5.4
Throwing       | 1 |  1.0
Evocations     | 1 2 3 |  3.0
Invocations    | 1 3 4 6 |  6.5
Stealth        | |  1.5

Action                   |  1- 3 |  4- 6 |  7- 9 | 10-12 || total
-------------------------+-------+-------+-------+-------++-------
Melee: Dagger            |     6 |       |       |       ||     6
       Short sword       |    27 |    85 |    87 |       ||   199
       War axe           |       |       |       |    19 ||    19
       Punch             |       |       |       |     1 ||     1
Throw: Dart              |       |       |     3 |       ||     3
 Cast: Foxfire           |    48 |    78 |    56 |       ||   182
       Scorch            |     1 |    23 |   126 |    19 ||   169
Evoke: Wand              |       |       |     4 |       ||     4
  Use: Scroll            |       |     6 |     2 |       ||     8
       Potion            |       |     3 |     2 |       ||     5
 Stab: Sleeping          |     1 |     2 |       |       ||     3
Armor: Robe              |    10 |    20 |    21 |       ||    51
       Leather armour    |       |       |    34 |    14 ||    48
Dodge: Dodged            |    23 |    55 |   114 |    28 ||   220

Table legend: (Time is in decaauts)
 A = Elapsed time spent in this place.
 B = Non-inter-level travel time spent in this place.
 C = Inter-level travel time spent in this place.
 D = Time resting spent in this place.
 E = Time spent auto-exploring this place.
 F = Levels seen in this place.
 G = Mean time per level.
                   A        B        C        D        E       F      G
               +--------+--------+--------+--------+--------+-----+--------+
         Total |  11288 |  10841 |    447 |   2341 |   6894 |   9 | 1254.2 |
       Dungeon |  11227 |  10780 |    447 |   2291 |   6894 |   8 | 1403.4 |
        Temple |     60 |     60 |      0 |     50 |      0 |   1 |   60.0 |
               +--------+--------+--------+--------+--------+-----+--------+

Top non-repeatable levels by time:
     D:4: 1764 daAuts
     D:5: 1689 daAuts
     D:7: 1610 daAuts
     D:3: 1411 daAuts
     D:6: 1348 daAuts
     D:2: 1288 daAuts
     D:1: 1078 daAuts
     D:8: 1037 daAuts
  Temple: 60 daAuts
